[Event "DVM U16 2019"]
[Site "Magedburg"]
[Date "2019.12.27"]
[Round "1"]
[White "Rabe, Maximilian"]
[Black "Biermann, Lenhard"]
[Result "0-1"]
[ECO "C00"]
[WhiteElo "1569"]
[BlackElo "2098"]
[Annotator "NA RC"]
[PlyCount "66"]
[EventDate "2019.12.27"]
[EventType "team-tourn"]
[EventRounds "7"]
[EventCountry "GER"]
[SourceTitle "playchess.com"]
[Source "ChessBase"]
[SourceQuality "1"]
[WhiteTeam "Delmenhorster SK"]
[BlackTeam "SG Bochum"]
[TimeControl "40/5400+30:1800+30"]

1. e4 e6 2. d4 d5 3. Bd3 dxe4 4. Bxe4 {[%emt 0:00:54] unterminated} Nf6 {[%emt 0:00:32] unterminated} 5. Bf3 {[%emt 0:02:18] unterminated} Be7 {[%emt 0:02:53] unterminated} 6. Ne2 {[%emt 0:03:39] C01: French: Exchange Variation} O-O {[%emt 0:00:39] unterminated} 7. O-O {[%emt 0:01:44] unterminated} Nbd7 {[%emt 0:10:07] unterminated} 8. c4 {[%emt 0:21:52] unterminated} e5 {[%emt 0:09:10] unterminated} 9. Nbc3 {[%emt 0:07:37] unterminated} Re8 $146 {[%emt 0:10:02] unterminated} ({Predecessor:} 9... exd4 10. Nxd4 Ne5 11. Be2 c6 12. Bf4 {0-1 (50) Sudakova,I (2350)-Swiercz,D (2584) Warsaw 2011}) 10. Re1 {[%emt 0:12:39] unterminated} c6 {[%emt 0:23:10] unterminated} 11. Kf1 {[%emt 0:07:30] unterminated} Bf8 {[%emt 0:04:02] unterminated} 12. Ng3 exd4 13. Qxd4 Rxe1+ 14. Kxe1 Bc5 15. Qd3 {[%emt 0:02:50] unterminated} Qe7+ {[%emt 0:02:39] unterminated} 16. Be2 Ne5 17. Qc2 {[%emt 0:02:01] unterminated} Nxc4 {[%emt 0:11:51] unterminated} 18. Kf1 {[%emt 0:08:33] unterminated} Nd6 19. Bf4 {[%emt 0:03:08] unterminated} Be6 20. Rd1 Rd8 {[%emt 0:02:40] unterminated} 21. Bf3 Bb6 {[%emt 0:02:51] unterminated} 22. b3 Bc7 {[%emt 0:00:55] unterminated} 23. Qc1 Nde8 {[%emt 0:00:30] unterminated} 24. Rxd8 {[%emt 0:00:44] unterminated} Qxd8 {[%emt 0:00:05] unterminated} 25. Bxc7 Nxc7 26. Qe3 {[%emt 0:00:13] unterminated} a6 {[%emt 0:01:30] unterminated} 27. Nce4 {[%emt 0:02:04] unterminated} Nxe4 28. Nxe4 Nd5 29. Qd2 Qe7 30. Nc3 Nxc3 31. Qxc3 {[%emt 0:00:03] unterminated} Qd6 32. h3 h6 {[%emt 0:00:27] unterminated} 33. Ke2 Bd5 $17 {[%emt 0:00:14] normal} 0-1

[Event "DVM U16 2019"]
[Site "Magedburg"]
[Date "2019.12.27"]
[Round "2"]
[White "Köllner, Ruben Gideon"]
[Black "Bosselmann, Tom Linus"]
[Result "1-0"]
[ECO "A48"]
[WhiteElo "2330"]
[BlackElo "2077"]
[Annotator "NA"]
[PlyCount "39"]
[EventDate "2019.12.27"]
[EventType "team-tourn"]
[EventRounds "7"]
[EventCountry "GER"]
[SourceTitle "playchess.com"]
[Source "ChessBase"]
[SourceQuality "1"]
[WhiteTeam "SG Bochum"]
[BlackTeam "Lübecker SV"]
[BlackTeamCountry "GER"]
[TimeControl "40/5400+30:1800+30"]

1. d4 g6 2. Nf3 Nf6 3. Nbd2 Bg7 4. e4 d6 5. Bc4 O-O 6. O-O c6 7. c3 b5 8. Bb3 Bb7 9. Re1 Nbd7 10. e5 dxe5 11. dxe5 Nd5 12. e6 fxe6 13. Ng5 Qb6 14. Ndf3 Nc5 15. Nxe6 Nxe6 16. Rxe6 Qc7 17. Qe2 Bf6 18. Bg5 Kf7 19. Re1 Rfe8 20. Bxf6 {[%emt 0:01:01] normal} 1-0

[Event "DVM U16 2019"]
[Site "Magedburg"]
[Date "2019.12.27"]
[Round "2"]
[White "Woelk, Tom-Frederic"]
[Black "Burian, Simon"]
[Result "1-0"]
[ECO "D35"]
[WhiteElo "2245"]
[BlackElo "2149"]
[Annotator "NA"]
[PlyCount "51"]
[EventDate "2019.12.27"]
[EventType "team-tourn"]
[EventRounds "7"]
[EventCountry "GER"]
[SourceTitle "playchess.com"]
[Source "ChessBase"]
[SourceQuality "1"]
[WhiteTeam "Hamburger SK"]
[BlackTeam "SK König Plauen"]
[BlackTeamCountry "GER"]
[TimeControl "40/5400+30:1800+30"]

1. d4 Nf6 2. c4 e6 3. Nc3 d5 4. cxd5 exd5 5. Bg5 Be7 6. e3 O-O 7. Bd3 h6 8. Bh4 c6 9. Nge2 Nbd7 10. O-O Re8 11. f3 a6 12. Qd2 Nf8 13. Rad1 b5 14. Bf2 N6h7 15. e4 Be6 16. e5 Rc8 17. f4 f5 18. Qc2 Qd7 19. g4 Kh8 20. gxf5 Bg8 21. Ng3 c5 22. dxc5 Bxc5 23. Bxc5 Rxc5 24. Qf2 Qc6 25. Nce2 Rc8 26. b4 {[%emt 0:00:25] normal} 1-0

[Event "DVM U16 2019"]
[Site "Magedburg"]
[Date "2019.12.27"]
[Round "2"]
[White "Biermann, Lenhard"]
[Black "Glinzner, Alva"]
[Result "1/2-1/2"]
[ECO "E09"]
[WhiteElo "2098"]
[BlackElo "1812"]
[Annotator "NA"]
[PlyCount "70"]
[EventDate "2019.12.27"]
[EventType "team-tourn"]
[EventRounds "7"]
[EventCountry "GER"]
[SourceTitle "playchess.com"]
[Source "ChessBase"]
[SourceQuality "1"]
[WhiteTeam "SG Bochum"]
[BlackTeam "Lübecker SV"]
[BlackTeamCountry "GER"]
[TimeControl "40/5400+30:1800+30"]

1. d4 Nf6 2. Nf3 e6 3. c4 d5 4. g3 Be7 5. Bg2 c6 6. O-O O-O 7. Nbd2 Nbd7 8. Qc2 Bd6 9. e4 dxe4 10. Nxe4 Nxe4 11. Qxe4 Nf6 12. Qe2 Qc7 13. c5 Be7 14. Bf4 Qd8 15. Rfd1 Nd5 16. Qd2 f6 17. b4 Bd7 18. Rab1 Qe8 19. Qe1 g5 20. Bd2 Qg6 21. Qe2 Nc7 22. Bc3 Rad8 23. a4 Nd5 24. Be1 a6 25. Rb3 Qe8 26. Nd2 Rf7 27. Nc4 Bf8 28. Bd2 Rg7 29. Bf3 Rb8 30. Re1 Qc8 31. Bg4 Re7 32. Bf3 Qc7 33. Kg2 Rbe8 34. Nd6 Rd8 35. Nc4 Rde8 {[%emt 0:01:04] normal} 1/2-1/2

[Event "DVM U16 2019"]
[Site "Magedburg"]
[Date "2019.12.27"]
[Round "2"]
[White "Wang, Xinyuan"]
[Black "Henning, Marvin"]
[Result "0-1"]
[ECO "E80"]
[WhiteElo "2020"]
[BlackElo "1972"]
[Annotator "NA"]
[PlyCount "86"]
[EventDate "2019.12.27"]
[EventType "team-tourn"]
[EventRounds "7"]
[EventCountry "GER"]
[SourceTitle "playchess.com"]
[Source "ChessBase"]
[SourceQuality "1"]
[WhiteTeam "Karlsruher SF"]
[BlackTeam "Reideburger SV 90 Halle"]
[WhiteTeamCountry "CHN"]
[TimeControl "40/5400+30:1800+30"]

1. d4 Nf6 2. c4 g6 3. Nc3 Bg7 4. e4 d6 5. f3 Nbd7 6. Be3 c6 7. Bd3 e5 8. Nge2 O-O 9. Qd2 Ne8 10. g4 exd4 11. Nxd4 Ne5 12. Be2 c5 13. Nc2 Be6 14. Na3 Qh4+ 15. Bf2 Qf6 16. g5 Nxf3+ 17. Bxf3 Qxf3 18. Rf1 Bxc3 19. Qxc3 Qxe4+ 20. Kd2 Ng7 21. Rae1 Qf4+ 22. Qe3 Qxe3+ 23. Bxe3 a6 24. Kc3 Nf5 25. Bf4 Rab8 26. Nc2 b5 27. b3 Rfd8 28. Rd1 a5 29. Rd3 a4 30. Rfd1 axb3 31. axb3 bxc4 32. bxc4 Rb6 33. Be5 Ra6 34. Bf6 Rda8 35. Rb1 Ra4 36. Ne3 Ra3+ 37. Rb3 Nxe3 38. Rxe3 R3a4 39. Re4 d5 40. Rh4 d4+ 41. Kd2 Ra2+ 42. Kc1 Rg2 43. Kb1 Bf5+ {[%emt 0:00:05] normal} 0-1

[Event "DVM U16 2019"]
[Site "Magedburg"]
[Date "2019.12.27"]
[Round "2"]
[White "Rietschel, Tilo"]
[Black "Biermann, Florian"]
[Result "1-0"]
[ECO "B90"]
[WhiteElo "2005"]
[BlackElo "2044"]
[Annotator "NA"]
[PlyCount "132"]
[EventDate "2019.12.27"]
[EventType "team-tourn"]
[EventRounds "7"]
[EventCountry "GER"]
[SourceTitle "playchess.com"]
[Source "ChessBase"]
[SourceQuality "1"]
[WhiteTeam "Lübecker SV"]
[BlackTeam "SG Bochum"]
[WhiteTeamCountry "GER"]
[TimeControl "40/5400+30:1800+30"]

1. e4 c5 2. Nf3 d6 3. d4 cxd4 4. Nxd4 Nf6 5. Nc3 a6 6. Bc4 e6 7. Bb3 Nbd7 8. f4 Nc5 9. f5 Be7 10. Qf3 Bd7 11. Be3 Rc8 12. g4 e5 13. Nde2 Nxb3 14. axb3 h5 15. g5 Ng4 16. h4 Bc6 17. Rd1 Qa5 18. Bd2 Qc5 19. Ng3 g6 20. Nf1 Bd8 21. Ne3 Bb6 22. Nc4 Ba7 23. fxg6 O-O 24. g7 Kxg7 25. Ke2 f5 26. gxf6+ Rxf6 27. Be3 Nxe3 28. Qxe3 Rf2+ 29. Kd3 Qxe3+ 30. Nxe3 Bxe3 31. Kxe3 Rcf8 32. Rhg1+ Kh7 33. Rg3 Rxc2 34. Rxd6 Rg8 35. Rxg8 Kxg8 36. Rd2 Rxd2 37. Kxd2 a5 38. Kd3 b5 39. Nd5 Kf7 40. b4 axb4 41. Nxb4 Bd7 42. Nd5 Ke6 43. Ne3 Be8 44. Kc3 Bc6 45. Kb4 Bxe4 46. Kxb5 Bd3+ 47. Kc5 e4 48. Kd4 Bb1 49. b3 Kf6 50. b4 Bd3 51. Kd5 Kf7 52. Ke5 Ke7 53. Nd5+ Kd7 54. Nf6+ Kc6 55. Nxe4 Kb5 56. Ng3 Bg6 57. Kf6 Be8 58. Kg5 Kxb4 59. Nxh5 Kc5 60. Ng7 Bf7 61. Kf6 Bg8 62. h5 Bh7 63. h6 Kd5 64. Nh5 Ke4 65. Kg7 Bf5 66. Ng3+ Kd5 {normal} 1-0

[Event "DVM U16 2019"]
[Site "Magedburg"]
[Date "2019.12.27"]
[Round "2"]
[White "Hundrieser, Malte"]
[Black "Borodaev, Roman"]
[Result "1-0"]
[ECO "B35"]
[WhiteElo "2003"]
[BlackElo "1705"]
[Annotator "NA"]
[PlyCount "91"]
[EventDate "2019.12.27"]
[EventType "team-tourn"]
[EventRounds "7"]
[EventCountry "GER"]
[SourceTitle "playchess.com"]
[Source "ChessBase"]
[SourceQuality "1"]
[WhiteTeam "Reideburger SV 90 Halle"]
[BlackTeam "Karlsruher SF"]
[WhiteTeamCountry "GER"]
[BlackTeamCountry "GER"]
[TimeControl "40/5400+30:1800+30"]

1. e4 c5 2. Nf3 g6 3. d4 cxd4 4. Nxd4 Bg7 5. Nc3 Nc6 6. Be3 Nf6 7. Bc4 O-O 8. Bb3 Ng4 9. Qxg4 Nxd4 10. Qd1 Nc6 11. Qd2 d6 12. O-O-O Be6 13. Bh6 Bxb3 14. cxb3 Rc8 15. Kb1 Qa5 16. h4 Qh5 17. Bxg7 Kxg7 18. f3 f5 19. exf5 Qxf5+ 20. Ka1 h5 21. Rhg1 Rcd8 22. Nd5 e6 23. Ne3 Qf4 24. g4 Qxf3 25. Rdf1 Qe4 26. gxh5 Rxf1+ 27. Nxf1 Rf8 28. a3 Rf6 29. Ka2 Qxh4 30. Qxd6 Qxh5 31. Qd7+ Rf7 32. Qxe6 Qf5 33. Qe3 Qf2 34. Qg5 Qf5 35. Qg3 Nd4 36. Qc3 Qf6 37. Rh1 Nc6 38. Qh3 Kf8 39. Qc8+ Nd8 40. Ne3 Kg7 41. Qh3 Kg8 42. Ng4 Qg7 43. Nh6+ Kf8 44. Nxf7 Nxf7 45. Qc8+ Ke7 46. Re1+ {normal} 1-0

[Event "DVM U16 2019"]
[Site "Magedburg"]
[Date "2019.12.27"]
[Round "2"]
[White "Koll, Linus"]
[Black "Post, Hugo"]
[Result "1/2-1/2"]
[ECO "B54"]
[WhiteElo "1987"]
[BlackElo "2181"]
[Annotator "NA"]
[PlyCount "62"]
[EventDate "2019.12.27"]
[EventType "team-tourn"]
[EventRounds "7"]
[EventCountry "GER"]
[SourceTitle "playchess.com"]
[Source "ChessBase"]
[SourceQuality "1"]
[WhiteTeam "Karlsruher SF"]
[BlackTeam "Reideburger SV 90 Halle"]
[WhiteTeamCountry "GER"]
[TimeControl "40/5400+30:1800+30"]

1. e4 c5 2. Nf3 d6 3. d4 cxd4 4. Nxd4 Nf6 5. f3 e5 6. Nb3 Be7 7. Be3 O-O 8. c4 a5 9. Nc3 a4 10. Nd2 Qa5 11. Nd5 Nxd5 12. exd5 f5 13. Bd3 Nd7 14. O-O Nc5 15. Qc2 Bd7 16. Rab1 Nxd3 17. Qxd3 Qd8 18. c5 Qe8 19. cxd6 Bxd6 20. Nc4 Rf6 21. Rfe1 Qh5 22. Nxd6 Rxd6 23. Bf2 Re8 24. b3 f4 25. Qd2 Rg6 26. bxa4 Bh3 27. g4 Bxg4 28. fxg4 Qxg4+ 29. Kf1 Qg2+ 30. Ke2 Qe4+ 31. Kf1 Qg2+ {[%emt 0:01:36] normal} 1/2-1/2

[Event "DVM U16 2019"]
[Site "Magedburg"]
[Date "2019.12.27"]
[Round "2"]
[White "Bornholdt, Joa Max"]
[Black "Prieb, Robert"]
[Result "1/2-1/2"]
[ECO "D93"]
[WhiteElo "1890"]
[BlackElo "1963"]
[Annotator "NA"]
[PlyCount "63"]
[EventDate "2019.12.27"]
[EventType "team-tourn"]
[EventRounds "7"]
[EventCountry "GER"]
[SourceTitle "playchess.com"]
[Source "ChessBase"]
[SourceQuality "1"]
[WhiteTeam "Lübecker SV"]
[BlackTeam "SG Bochum"]
[WhiteTeamCountry "GER"]
[BlackTeamCountry "GER"]
[TimeControl "40/5400+30:1800+30"]

1. d4 Nf6 2. c4 g6 3. Nf3 Bg7 4. Nc3 d5 5. Bf4 O-O 6. e3 c5 7. Be2 dxc4 8. O-O Nh5 9. Be5 Nd7 10. Bxg7 Nxg7 11. Bxc4 Nb6 12. Bb3 cxd4 13. Qxd4 Qxd4 14. Nxd4 Bd7 15. Rfd1 Rfd8 16. Rac1 Rac8 17. Ne4 Rxc1 18. Rxc1 Rc8 19. Rxc8+ Bxc8 20. Ng5 e6 21. Nb5 h6 22. Nf3 a6 23. Nd6 Nf5 24. Nxc8 Nxc8 25. Ne5 Kf8 26. Kf1 Ke7 27. Ke2 g5 28. Kd3 f6 29. Nc4 Nfd6 30. Nd2 Nb6 31. Nf3 Nd7 32. Nd2 {[%emt 0:05:58] normal} 1/2-1/2

[Event "DVM U16 2019"]
[Site "Magedburg"]
[Date "2019.12.27"]
[Round "2"]
[White "Grabbel, Lennart Christian"]
[Black "Hoerkner, Nico"]
[Result "1-0"]
[ECO "A05"]
[WhiteElo "1849"]
[BlackElo "1699"]
[Annotator "NA"]
[PlyCount "115"]
[EventDate "2019.12.27"]
[EventType "team-tourn"]
[EventRounds "7"]
[EventCountry "GER"]
[SourceTitle "playchess.com"]
[Source "ChessBase"]
[SourceQuality "1"]
[WhiteTeam "Hamburger SK"]
[BlackTeam "SK König Plauen"]
[BlackTeamCountry "GER"]
[TimeControl "40/5400+30:1800+30"]

1. Nf3 Nf6 2. c4 b6 3. g3 Bb7 4. Bg2 e6 5. Nc3 Be7 6. O-O c5 7. b3 O-O 8. Bb2 d6 9. Qc2 Nbd7 10. Rad1 Rc8 11. Rfe1 Qc7 12. e4 Ne5 13. d4 Nxf3+ 14. Bxf3 cxd4 15. Rxd4 Rfd8 16. Qd2 a6 17. Rd1 Nd7 18. Bg2 Nc5 19. Qe3 Re8 20. R4d2 Rcd8 21. Ne2 Nd7 22. Qd4 Nf6 23. Nc3 Bc6 24. Ba3 Qb7 25. Qe3 Qc7 26. Rd4 Rd7 27. Qd2 Red8 28. Qe2 Qb7 29. Nd5 Bxd5 30. exd5 e5 31. R4d2 b5 32. c5 Qb8 33. c6 Ra7 34. Rc2 Rc8 35. Bf1 h6 36. Bc1 Bf8 37. Be3 Ra8 38. f3 Qc7 39. Qf2 Rcb8 40. Bh3 Be7 41. Qd2 Bf8 42. Kh1 Re8 43. Bg2 Reb8 44. Rcc1 Kh8 45. f4 Rd8 46. fxe5 dxe5 47. Bc5 Bxc5 48. Rxc5 Qd6 49. Qc2 Rac8 50. Rc3 Kg8 51. c7 Rd7 52. Bh3 Rcxc7 53. Bxd7 Rxd7 54. Rc8+ Rd8 55. Qc6 Qxc6 56. Rxd8+ Qe8 57. Rxe8+ Nxe8 58. d6 {[%emt 0:00:08] normal} 1-0

[Event "DVM U16 2019"]
[Site "Magedburg"]
[Date "2019.12.27"]
[Round "2"]
[White "Wang, Ruiming"]
[Black "Grunwald, Jonathan"]
[Result "0-1"]
[ECO "C55"]
[WhiteElo "1808"]
[BlackElo "1815"]
[Annotator "NA"]
[PlyCount "70"]
[EventDate "2019.12.27"]
[EventType "team-tourn"]
[EventRounds "7"]
[EventCountry "GER"]
[SourceTitle "playchess.com"]
[Source "ChessBase"]
[SourceQuality "1"]
[WhiteTeam "SG Leipzig"]
[BlackTeam "Biebertaler SF"]
[WhiteTeamCountry "GER"]
[BlackTeamCountry "GER"]
[TimeControl "40/5400+30:1800+30"]

1. e4 e5 2. Nf3 Nc6 3. d4 exd4 4. Bc4 Nf6 5. e5 d5 6. Bb5 Ne4 7. Nxd4 Bd7 8. Bxc6 bxc6 9. O-O Bc5 10. Be3 O-O 11. f3 Ng5 12. f4 Ne6 13. c3 Bb6 14. f5 Nc5 15. Nd2 Nd3 16. N2f3 Nxb2 17. Qe2 Nc4 18. Bg5 Qc8 19. f6 Re8 20. fxg7 Bg4 21. Bf6 c5 22. Nb3 Qe6 23. Qf2 Nd6 24. Ng5 Ne4 25. Qh4 Nxg5 26. Qxg5 a5 27. Rf4 a4 28. Rxg4 axb3 29. Rh4 c4+ 30. Kh1 Rxa2 31. Rb1 Be3 32. Qxe3 Qxf6 33. Rh5 Qg6 34. Rg1 Qxh5 35. Qc5 Qxe5 {normal} 0-1

[Event "DVM U16 2019"]
[Site "Magedburg"]
[Date "2019.12.27"]
[Round "2"]
[White "Pivtorak, Illia"]
[Black "Kotyk, Michael"]
[Result "0-1"]
[ECO "A80"]
[WhiteElo "1491"]
[BlackElo "2103"]
[Annotator "NA"]
[PlyCount "80"]
[EventDate "2019.12.27"]
[EventType "team-tourn"]
[EventRounds "7"]
[EventCountry "GER"]
[SourceTitle "playchess.com"]
[Source "ChessBase"]
[SourceQuality "1"]
[WhiteTeam "SK König Plauen"]
[BlackTeam "Hamburger SK"]
[TimeControl "40/5400+30:1800+30"]

1. d4 f5 2. Bf4 Nf6 3. e3 d6 4. Nf3 e6 5. c3 Be7 6. Nbd2 O-O 7. Bc4 d5 8. Bd3 Nc6 9. h3 Bd7 10. g4 Ne4 11. Qc2 Be8 12. h4 fxg4 13. Ng5 Nxg5 14. hxg5 g6 15. Qd1 Bxg5 16. Qxg4 Bxf4 17. Qxe6+ Rf7 18. O-O-O Qd7 19. Qxd7 Bxd7 20. exf4 Rxf4 21. Rdf1 Kg7 22. Nb3 b6 23. Kd2 Raf8 24. Rh2 h5 25. Nc1 Rf3 26. Bb5 Nb8 27. Be2 Rh3 28. Rg2 Rh4 29. Nd3 Bh3 30. Rh2 Bxf1 31. Rxh4 Bxe2 32. Kxe2 Nd7 33. Nf4 Re8+ 34. Kd2 Nf6 35. f3 g5 36. Nxh5+ Kg6 37. Nxf6 gxh4 38. Nxd5 Kf5 39. Ne3+ Kf4 40. Nd5+ Kxf3 {[%emt 0:00:25] normal} 0-1

[Event "DVM U16 2019"]
[Site "Magedburg"]
[Date "2019.12.27"]
[Round "2"]
[White "Elstner, Florian"]
[Black "Goltser, Ilja"]
[Result "1/2-1/2"]
[ECO "D53"]
[WhiteElo "1487"]
[BlackElo "1703"]
[Annotator "NA"]
[PlyCount "48"]
[EventDate "2019.12.27"]
[EventType "team-tourn"]
[EventRounds "7"]
[EventCountry "GER"]
[SourceTitle "playchess.com"]
[Source "ChessBase"]
[SourceQuality "1"]
[WhiteTeam "SK König Plauen"]
[BlackTeam "Hamburger SK"]
[WhiteTeamCountry "GER"]
[BlackTeamCountry "UKR"]
[TimeControl "40/5400+30:1800+30"]

1. d4 e6 2. c4 Nf6 3. Nc3 d5 4. Bg5 Be7 5. e3 c6 6. cxd5 exd5 7. Bd3 Nbd7 8. Nge2 O-O 9. Qc2 Re8 10. O-O-O a5 11. f3 h6 12. Bf4 Nf8 13. g4 N6h7 14. Bg3 Bh4 15. Qd2 Qe7 16. Bxh4 Qxh4 17. Ng3 g6 18. Rde1 Ne6 19. Bc2 Rd8 20. Nce2 Nc7 21. Nf4 Ne6 22. Ng2 Qe7 23. h4 Qb4 24. Qd1 a4 {[%emt 0:01:19] normal} 1/2-1/2

[Event "DVM U16 2019"]
[Site "Magedburg"]
[Date "2019.12.27"]
[Round "2"]
[White "Peschel, Julia"]
[Black "Schaefer, Konstantin"]
[Result "0-1"]
[ECO "B22"]
[WhiteElo "1384"]
[BlackElo "1766"]
[Annotator "NA"]
[PlyCount "84"]
[EventDate "2019.12.27"]
[EventType "team-tourn"]
[EventRounds "7"]
[EventCountry "GER"]
[SourceTitle "playchess.com"]
[Source "ChessBase"]
[SourceQuality "1"]
[WhiteTeam "Biebertaler SF"]
[BlackTeam "SG Leipzig"]
[WhiteTeamCountry "GER"]
[BlackTeamCountry "GER"]
[TimeControl "40/5400+30:1800+30"]

1. e4 c5 2. c3 g6 3. Nf3 Bg7 4. Bc4 e6 5. d4 cxd4 6. cxd4 d5 7. exd5 exd5 8. Bb3 Ne7 9. O-O O-O 10. Nc3 Nbc6 11. h3 Be6 12. Bg5 Re8 13. Re1 h6 14. Bf4 a6 15. Qd2 Nf5 16. Bxd5 g5 17. Bxc6 bxc6 18. Be5 Bxe5 19. dxe5 Qb6 20. Ne4 Red8 21. Qc2 Ne7 22. Nf6+ Kf8 23. Qh7 Nf5 24. g4 Nd4 25. Qh8+ Ke7 26. Ng8+ Rxg8 27. Qf6+ Ke8 28. Nxd4 Qxd4 29. Rad1 Qf4 30. Qxh6 Ke7 31. Rc1 Rh8 32. Qg7 Rxh3 33. Qf6+ Qxf6 34. exf6+ Kxf6 35. Rxc6 Rah8 36. Kf1 Rh1+ 37. Ke2 Rxe1+ 38. Kxe1 Rh1+ 39. Kd2 Rf1 40. Ke2 Rb1 41. Rb6 Ke7 42. Rxa6 Bc4+ {[%emt 0:00:47] normal} 0-1

[Event "DVM U16 2019"]
[Site "Magedburg"]
[Date "2019.12.28"]
[Round "3"]
[White "Post, Hugo"]
[Black "Woelk, Tom-Frederic"]
[Result "1-0"]
[ECO "C60"]
[WhiteElo "2181"]
[BlackElo "2245"]
[Annotator "RC"]
[PlyCount "51"]
[EventDate "2019.12.27"]
[EventType "team-tourn"]
[EventRounds "7"]
[EventCountry "GER"]
[SourceTitle "playchess.com"]
[Source "ChessBase"]
[SourceQuality "1"]
[WhiteTeam "Reideburger SV 90 Halle"]
[BlackTeam "Hamburger SK"]
[WhiteTeamCountry "GER"]
[BlackTeamCountry "GER"]
[TimeControl "40/5400+30:1800+30"]

1. e4 e5 2. Nf3 Nc6 3. Bb5 g6 4. c3 a6 5. Ba4 Bg7 6. d4 exd4 7. cxd4 b5 8. Bb3 Nge7 9. d5 Na5 10. Bd2 Nxb3 11. Qxb3 c5 12. dxc6 dxc6 13. O-O c5 14. Bc3 c4 15. Qc2 O-O 16. Rd1 Qb6 17. Bxg7 Kxg7 18. Nc3 Bg4 19. Nd5 Nxd5 20. Rxd5 Bxf3 21. Qc3+ Qf6 22. e5 Qf5 23. gxf3 {[%emt 0:01:15] normal} Rad8 {[%emt 0:03:58] normal} 24. e6+ {[%emt 0:02:21] normal} Qf6 {[%emt 0:04:27] normal} 25. e7 {[%emt 0:00:14] normal} Qxc3 26. exf8=Q+ {[%emt 0:00:09] normal} 1-0

[Event "DVM U16 2019"]
[Site "Magedburg"]
[Date "2019.12.28"]
[Round "3"]
[White "Huber, Benedikt"]
[Black "Krastev, Alexander"]
[Result "0-1"]
[ECO "A56"]
[WhiteElo "2133"]
[BlackElo "2323"]
[Annotator "NA"]
[PlyCount "86"]
[EventDate "2019.12.27"]
[EventType "team-tourn"]
[EventRounds "7"]
[EventCountry "GER"]
[SourceTitle "playchess.com"]
[Source "ChessBase"]
[SourceQuality "1"]
[WhiteTeam "SK München Südost"]
[BlackTeam "Biebertaler SF"]
[WhiteTeamCountry "GER"]
[BlackTeamCountry "GER"]
[TimeControl "40/5400+30:1800+30"]

1. d4 Nf6 2. c4 c5 3. d5 g6 4. Nc3 Bg7 5. e4 O-O 6. Nf3 d6 7. Bd3 e6 8. h3 exd5 9. exd5 Re8+ 10. Be3 Nbd7 11. O-O a6 {[%emt 0:00:02] E90: King's Indian: Classical: Early deviations and 6 h3} 12. a4 Rxe3 (12... Nh5 13. Bg5 f6 14. Bh4 Bh6 15. Re1 Rxe1+ 16. Qxe1 Qf8 17. a5 Rb8 18. Ne4 Bf4 19. g4 g5 20. Bg3 Nxg3 21. fxg3 {1-0 (44) Kuzubov,Y (2644)-Ivanisevic,I (2616) Germany 2019}) 13. fxe3 Qe7 14. Qd2 Nh5 {[%emt 0:01:12] unterminated} 15. Qf2 {[%emt 0:06:14] unterminated} Ne5 {[%emt 0:01:35] unterminated} 16. Be2 {[%emt 0:03:18] unterminated} Nxf3+ 17. Bxf3 Nf6 {[%emt 0:00:04] unterminated} 18. Rae1 $146 {[%emt 0:14:33] unterminated} ({Predecessor:} 18. Qh4) 18... Nd7 19. Be2 {[%emt 0:00:23] unterminated} h5 {[%emt 0:02:45] unterminated} 20. Nb1 {[%emt 0:24:31] unterminated} h4 {[%emt 0:11:45] unterminated} (20... Bf6 $11) 21. Nd2 {[%emt 0:00:42] unterminated} Bxb2 22. Nf3 {[%emt 0:00:19] unterminated} Bf6 {[%emt 0:01:23] unterminated} 23. Bd3 {[%emt 0:02:23] unterminated} b6 {[%emt 0:19:34] unterminated} 24. Qc2 {[%emt 0:02:41] unterminated} Kg7 {[%emt 0:03:39] unterminated} 25. Kh1 {[%emt 0:01:45] unterminated} Bb7 {[%emt 0:03:01] unterminated} 26. Qb3 {[%emt 0:02:56] unterminated} a5 {[%emt 0:03:04] unterminated} 27. Re2 Re8 {[%emt 0:00:58] unterminated} 28. Qb5 Qd8 {[%emt 0:00:26] unterminated} 29. Qb1 {[%emt 0:01:58] unterminated} Ba6 {[%emt 0:01:12] unterminated} 30. Qc2 {[%emt 0:01:58] unterminated} Re7 {[%emt 0:02:11] unterminated} 31. Qb3 {[%emt 0:06:31] unterminated} Qe8 {[%emt 0:01:45] unterminated} 32. Bc2 {[%emt 0:01:28] unterminated} Qh8 {[%emt 0:05:55] unterminated} 33. Ref2 {[%emt 0:03:36] unterminated} Qe8 {[%emt 0:06:36] unterminated} 34. Re1 {[%emt 0:01:56] unterminated} Kg8 {[%emt 0:06:51] unterminated} 35. Rff1 {[%emt 0:04:15] unterminated} Qf8 {[%emt 0:07:41] unterminated} 36. Rf2 Qh6 {[%emt 0:01:10] unterminated} 37. Bb1 {[%emt 0:03:47] unterminated} Bg7 {[%emt 0:02:26] unterminated} 38. Rfe2 {[%emt 0:02:14] unterminated} Re8 39. Bc2 {[%emt 0:00:48] unterminated} Re7 {[%emt 0:01:57] unterminated} 40. Bb1 {[%emt 0:00:27] unterminated} Re8 {[%emt 0:00:10] unterminated} 41. Bc2 $11 Rb8 42. Rf2 Nf6 43. Kg1 Rb7 {[%emt 0:08:47] normal} 0-1

[Event "DVM U16 2019"]
[Site "Magedburg"]
[Date "2019.12.28"]
[Round "3"]
[White "Kotyk, Michael"]
[Black "Dietz, Florian"]
[Result "0-1"]
[ECO "A05"]
[WhiteElo "2103"]
[BlackElo "2116"]
[Annotator "RC"]
[PlyCount "62"]
[EventDate "2019.12.27"]
[EventType "team-tourn"]
[EventRounds "7"]
[EventCountry "GER"]
[SourceTitle "playchess.com"]
[Source "ChessBase"]
[SourceQuality "1"]
[WhiteTeam "Hamburger SK"]
[BlackTeam "Reideburger SV 90 Halle"]
[WhiteTeamCountry "GER"]
[BlackTeamCountry "GER"]
[TimeControl "40/5400+30:1800+30"]

1. Nf3 Nf6 2. b3 g6 3. Bb2 Bg7 4. g3 O-O 5. c4 d6 6. d4 Nc6 7. Bg2 a6 8. O-O Rb8 9. Ne1 Bd7 10. Nd3 Qc8 11. e4 Bh3 12. d5 Bxg2 13. Kxg2 Nd8 14. Nd2 e5 15. f3 b6 16. Rc1 a5 17. a3 Nb7 18. b4 Nd7 19. Qe2 Qe8 20. Nb3 axb4 21. axb4 f5 22. c5 bxc5 23. bxc5 fxe4 24. fxe4 Rxf1 25. Kxf1 Nbxc5 26. Nbxc5 Nxc5 {[%emt 0:00:24] normal} 27. Nxc5 dxc5 28. Ba3 {[%emt 0:00:18] normal} Bh6 29. Rxc5 {[%emt 0:01:20] normal} Bf8 30. Rc3 {[%emt 0:01:03] normal} Qa4 31. Bxf8 Qa1+ {[%emt 0:00:25] normal} 0-1